 Dungeon Crawl Stone Soup version 0.31-a0-819-gf6de2f5ab6 (webtiles) character file.

Game seed: 2436071289230239125

3635 Dirtsage the Cleaver (level 9, -14/65 HPs)
             Began as a Demonspawn Fighter on Sept 23, 2023.
             Was an Initiate of Gozag.
             Demolished by a cyan ugly thing (15 damage)
             ... on level 8 of the Dungeon.
             The game lasted 00:07:16 (6620 turns).

Dirtsage the Cleaver (Demonspawn Fighter)           Turns: 6620, Time: 00:07:16

Health: -14/65     AC: 12    Str: 22    XL:     9   Next: 87%
Magic:  0/9        EV:  9    Int:  9    God:    Gozag
Gold:   503        SH: 26    Dex: 12    Spells: 8/8 levels left

rFire   . . .        a - +0 war axe
rCold   + . .        A - +10 tower shield of Ignorance {rN+ Int-4}
rNeg    + . .        s - +4 leather armour "Kiugg" {rCorr}
rPois   .            (helmet restricted)
rElec   .            (no cloak)
rCorr   +            m - +0 pair of gloves
SInv    .            (no boots)
Will    .....        j - amulet of guardian spirit
Stlth   +            W - ring of wizardry
HPRegen 0.30/turn    I - ring of protection from cold
MPRegen 0.11/turn

%: guardian spirit, wizardry (x1)
@: no status effects
A: antennae 2, icemail 1, big brain 2, condensation shield
a: Renounce Religion, Potion Petition, Call Merchant, Bribe Branch


You were on level 8 of the Dungeon.
You worshipped Gozag.
Gozag was pleased with you.
You visited 2 branches of the dungeon, and saw 9 of its levels.

You collected 637 gold pieces.
You paid 134 gold pieces to Gozag.

Inventory:

Hand Weapons
 a - a +0 war axe (weapon)
Armour
 b - a +0 scale mail
 c - a +0 buckler
 m - a +0 pair of gloves (worn)
 p - a +2 helmet
 s - the +4 leather armour "Kiugg" (worn) {rCorr}
   (You found it on level 6 of the Dungeon)

   rCorr:     It protects you from acid and corrosion.
 A - the +10 tower shield of Ignorance (worn) {rN+ Int-4}
   (You found it on level 8 of the Dungeon)

   Int-4:     It affects your intelligence (-4).
   rN+:       It protects you from negative energy.
Jewellery
 j - an amulet of guardian spirit (around neck)
 w - an amulet of faith
 F - a ring of protection from fire
 I - a ring of protection from cold (right hand)
 W - a ring of wizardry (left hand)
Scrolls
 e - 7 scrolls of teleportation {unknown}
 f - 3 scrolls of noise {unknown}
 g - 8 scrolls of identify {unknown}
 k - 4 scrolls of fear {unknown}
 q - a scroll of enchant armour {unknown}
 u - a scroll of blinking {unknown}
 v - a scroll of revelation {unknown}
 x - a scroll of poison {unknown}
 y - a scroll of vulnerability {unknown}
Potions
 d - a potion of haste {unknown}
 h - 3 potions of attraction {unknown}
 i - 2 potions of experience {unknown}
 l - 5 potions of curing {unknown}
 n - a potion of brilliance {unknown}
 o - a potion of magic {unknown}
 r - 2 potions of cancellation {unknown}
 t - a potion of resistance {unknown}
 z - a potion of heal wounds {unknown}


   Skills:
 + Level 3.8 Fighting
 + Level 12.2 Axes
 + Level 3.5 Armour
 + Level 1.9 Dodging
 + Level 3.5 Shields


You had 8 spell levels left.
You didn't know any spells.
Your spell library contained the following spells:

 Spells                   Type           Power      Damage    Failure   Level
 Freeze                   Ice            0%         1d3       73%         1
 Magic Dart               Conj           0%         1d3       73%         1
 Blink                    Tloc           0%         N/A       86%         2
 Call Imp                 Summ           0%         N/A       86%         2
 Frozen Ramparts          Ice            0%         1d1       97%         3
 Hailstorm                Conj/Ice       0%         3d3       97%         3
 Mephitic Cloud           Conj/Pois/Air  0%         N/A       97%         3
 Anguish                  Hex/Necr       0%         N/A       100%        4
 Cause Fear               Hex            0%         N/A       100%        4
 Manifold Assault         Tloc           0%         N/A       100%        4
 Enfeeble                 Hex            0%         N/A       100%        7


Dungeon Overview and Level Annotations

Branches:
Dungeon (8/15)             Temple (1/1) D:7            Lair (0/5) D:8

Altars:
Ashenzari
Cheibriados
Fedhas
Gozag
Hepliaklqana
Makhleb
Nemelex Xobeh
Okawaru
Qazlal
Ru
Sif Muna
Trog
Uskayaw
Vehumet
Wu Jian
Xom

Shops:
D:6 (


Innate Abilities, Weirdness & Mutations

You have a pair of antennae on your head.
A meltable icy envelope protects you from harm. (AC +4)
You have an extremely huge brain. (Int +4)
A meltable shield of frost defends you. (SH +4)


Message History

You block the cyan ugly thing's attack. x2
You closely miss the cyan ugly thing.
The cyan ugly thing is heavily wounded.
The cyan ugly thing engulfs you!
* * * LOW HITPOINT WARNING * * *
The cyan ugly thing shocks you!
* * * LOW HITPOINT WARNING * * *
You take 21 damage, and have 2/65 hp.
MASSIVE DAMAGE!!
You now have 1/9 mp.
You completely miss the cyan ugly thing.
The cyan ugly thing is heavily wounded.
You block the cyan ugly thing's attack.
You hit the cyan ugly thing.
The cyan ugly thing is heavily wounded.
You block the cyan ugly thing's attack.
You slash the cyan ugly thing!
The cyan ugly thing is severely wounded.
You block the cyan ugly thing's attack.
You slash the cyan ugly thing!
The cyan ugly thing is almost dead.
You block the cyan ugly thing's attack.
You hit the cyan ugly thing.
The cyan ugly thing is almost dead.
You block the cyan ugly thing's attack.
The cyan ugly thing engulfs you but does no damage.
You hit the cyan ugly thing.
The cyan ugly thing is almost dead.
You block the cyan ugly thing's attack.
You hit the cyan ugly thing but do no damage.
The cyan ugly thing is almost dead.
You block the cyan ugly thing's attack.
You closely miss the cyan ugly thing.
The cyan ugly thing is almost dead.
You block the cyan ugly thing's attack.
You barely miss the cyan ugly thing.
The cyan ugly thing is almost dead.
The cyan ugly thing engulfs you.
* * * LOW HITPOINT WARNING * * *
The cyan ugly thing shocks you!
You die...
Your body crumbles into a pile of gold.

### ###### ##### #.# .... #....
#!# ##### ##### ### # #.# #[..#{
{ ##.. .## #.#.#...# { ##.# #..
.##u#.###'#{ #### ##.# #.# ##.
#@..#...# {{ #... ##.###[# ..
#.###.#.#######.## ##...)## ##.
#.....#.........#
##..##.###.##.####.#.#.#######.##
##..###.#..##.# #.#.#.....##....
....# ##.#.##.# #.#.###.#.###.##
###.####....#.# #.#.. #.#.# #...
##............# #.#####.### ####
##..#####...#.# ..#.......#


You could see a cyan ugly thing.

Vanquished Creatures
  A tengu warrior (D:8)
  Pikel (D:7)
  The ghost of XavTav the Trooper, an amateur MiFi of Okawaru (D:4)
  Eustachio (D:4)
  The ghost of mopl the Insei, an amateur OpSh (D:4)
  An acid dragon (D:8)
  3 water moccasins
  2 sky beasts
  An orc warrior (D:8)
  2 ice beasts (D:7)
  3 ogres
  A centaur (D:8)
  2 lemures (D:7)
  3 bullfrogs (D:8)
  2 scorpions
  A howler monkey (D:6)
  2 hounds
  A jelly (D:5)
  3 sleepcaps
  An orc priest (D:4)
  An iguana (D:4)
  Natasha (D:2)
  2 orc wizards (D:4)
  Robin (D:4)
  3 gnolls (D:4)
  7 adders
  A shadow imp (D:8)
  A white imp (D:6)
  2 ufetubi
  3 worms (D:2)
  A dart slug (D:3)
  18 orcs
  A bat (D:1)
  8 endoplasms
  4 giant cockroaches
  17 goblins
  12 hobgoblins
  10 jackals
  12 kobolds
  3 quokkas
  6 ball pythons
  3 frilled lizards
  5 rats
155 creatures vanquished.

Notes
Turn   | Place    | Note
-------+----------+-------------------------------------------
     0 | D:1      | Dirtsage the Demonspawn Fighter began the quest for the
                  | Orb.
     0 | D:1      | Reached XP level 1. HP: 18/18 MP: 1/1
   148 | D:1      | Reached skill level 2 in Axes
   236 | D:1      | Gained mutation: You have an unusually large brain. (Int
                  | +2) [demonic ancestry]
   236 | D:1      | Reached XP level 2. HP: 24/24 MP: 2/2
   359 | D:1      | Reached skill level 3 in Axes
   759 | D:2      | Gained mutation: You have an extremely huge brain. (Int +4)
                  | [demonic ancestry]
   759 | D:2      | Reached XP level 3. HP: 25/29 MP: 3/3
   794 | D:2      | You fall into a shaft and drop 2 floors!
   794 | D:4      | Found a runed translucent gate.
   794 | D:4      | Found a runed translucent gate.
   794 | D:4      | Found a runed translucent gate.
   796 | D:4      | Noticed XavTav's ghost (amateur MiFi)
   796 | D:4      | Noticed mopl's ghost (amateur OpSh)
   972 | D:3      | Found a hide-covered altar of Uskayaw.
  1107 | D:2      | Found a sacrificial altar of Ru.
  1400 | D:2      | Gained mutation: A meltable shield of frost defends you.
                  | (SH +4) [demonic ancestry]
  1400 | D:2      | Reached XP level 4. HP: 31/35 MP: 4/4
  1477 | D:2      | Reached skill level 4 in Axes
  1492 | D:2      | Noticed Natasha
  1496 | D:2      | Killed Natasha
  1917 | D:3      | Gained mutation: A meltable icy envelope protects you from
                  | harm. (AC +4) [demonic ancestry]
  1917 | D:3      | Reached XP level 5. HP: 32/41 MP: 5/5
  2376 | D:4      | Reached skill level 5 in Axes
  2414 | D:4      | Noticed Robin
  2453 | D:4      | Killed Robin
  2591 | D:4      | Reached XP level 6. HP: 30/47 MP: 6/6
  2593 | D:4      | Reached skill level 6 in Axes
  2751 | D:4      | Noticed Eustachio
  2771 | D:4      | Killed Eustachio
  3030 | D:4      | Reached skill level 7 in Axes
  3030 | D:4      | Reached XP level 7. HP: 42/52 MP: 5/7
  3356 | D:4      | Killed XavTav's ghost
  3356 | D:4      | Killed mopl's ghost
  3357 | D:4      | Reached skill level 8 in Axes
  3459 | D:5      | Entered Level 5 of the Dungeon
  3637 | D:5      | Gained mutation: You have a pair of small antennae on your
                  | head. [demonic ancestry]
  3637 | D:5      | Reached XP level 8. HP: 46/58 MP: 6/8
  3819 | D:5      | Reached skill level 9 in Axes
  4283 | D:6      | Reached skill level 10 in Axes
  4285 | D:6      | Identified the +4 leather armour "Kiugg" {rCorr}
  4470 | D:6      | Found Bivvyuda's Firing Range.
  4899 | D:7      | Noticed Pikel
  4932 | D:7      | Killed Pikel
  4933 | D:7      | Reached skill level 11 in Axes
  4933 | D:7      | Gained mutation: You have a pair of antennae on your head.
                  | [demonic ancestry]
  4933 | D:7      | Reached XP level 9. HP: 53/63 MP: 6/9
  5099 | D:7      | Found a staircase to the Ecumenical Temple.
  5121 | Temple   | Entered the Ecumenical Temple
  5150 | Temple   | Became a worshipper of Gozag Ym Sagoz the Greedy
  5939 | D:8      | Reached skill level 12 in Axes
  6245 | D:8      | Found a staircase to the Lair.
  6314 | D:8      | Reached skill level 1 in Dodging
  6401 | D:8      | Noticed a tengu warrior
  6413 | D:8      | Killed a tengu warrior
  6571 | D:8      | Found the +10 tower shield of Ignorance {rN+ Int-4}
  6600 | D:8      | Noticed a cyan ugly thing
  6611 | D:8      | HP: 2/65 [cyan ugly thing (11)]
  6620 | D:8      | HP: 1/65 [cyan ugly thing (4)]
  6620 | D:8      | Demolished by a cyan ugly thing

Illustrated notes

Levels and vault maps discovered:
D:1:      ncdulo_smallfort, layout_loops_ring, grunt_decor_arrowhead,
          minmay_unequal
D:2:      layout_loops_ring, basic_altar, minmay_stone_trees_small, uniq_natasha
D:3:      minmay_octagon_keep, layout_loops_ring, lemuel_crystal_altar,
          nicolae_hexahallways, hangedman_decor_growths
D:4:      layout_loops_ring, gammafunk_ghost_cemetery, uniq_robin,
          uniq_eustachio
D:5:      layout_cave_pools, serial_park_tiny_pond, grunt_decor_one_mirror,
          kennysheep_minor_cross, hangedman_decor_clover_reticule
D:6:      layout_basic, serial_park_tiny_2, nicolae_shop_firing_range
D:7:      layout_basic, minmay_temple_entry_wispy, uniq_pikel
D:8:      layout_loops_ring, lair_entry_dummy, wad_mini_maze
Temple:   mainiacjoe_temple_bowtie_tessellation

Skill      XL: |  1  2  3  4  5  6  7  8  9 |
---------------+----------------------------+-----
Axes           | 2 3 4 5 7 8 11 12 | 12.2
Armour         | 3 |  3.5
Dodging        | 1 |  1.9
Shields        | 3 |  3.5
Fighting       | |  3.8

Action                     |  1- 3 |  4- 6 |  7- 9 || total
---------------------------+-------+-------+-------++-------
  Melee: War axe           |   133 |   168 |   257 ||   558
    Use: Potion            |       |     1 |     2 ||     3
 Armour: Scale mail        |    97 |   139 |    65 ||   301
         Leather armour    |       |       |    84 ||    84
  Dodge: Dodged            |    60 |    86 |    81 ||   227
  Block: Buckler           |    23 |    92 |    93 ||   208
         Tower shield      |       |       |    15 ||    15

Table legend: (Time is in decaauts)
 A = Elapsed time spent in this place.
 B = Non-inter-level travel time spent in this place.
 C = Inter-level travel time spent in this place.
 D = Time resting spent in this place.
 E = Time spent auto-exploring this place.
 F = Levels seen in this place.
 G = Mean time per level.
                   A        B        C        D        E       F      G
               +--------+--------+--------+--------+--------+-----+--------+
         Total |   6725 |   6476 |    249 |      0 |   5305 |   9 |  747.2 |
       Dungeon |   6668 |   6470 |    198 |      0 |   5305 |   8 |  833.5 |
        Temple |     57 |      6 |     51 |      0 |      0 |   1 |   57.0 |
               +--------+--------+--------+--------+--------+-----+--------+

Top non-repeatable levels by time:
     D:4: 1185 daAuts
     D:7: 930 daAuts
     D:3: 927 daAuts
     D:8: 796 daAuts
     D:2: 732 daAuts
     D:5: 722 daAuts
     D:1: 713 daAuts
     D:6: 660 daAuts
  Temple: 57 daAuts
